 Dungeon Crawl Stone Soup version 0.20.1 (console) character file.

46 bli the Chiller (level 3, -2/26 HPs)
             Began as a Merfolk Ice Elementalist on July 2, 2017.
             Slain by a worm (11 damage)
             ... on level 2 of the Dungeon.
             The game lasted 00:07:51 (1308 turns).

bli the Chiller (Merfolk Ice Elementalist)          Turns: 1308, Time: 00:07:52

Health: -2/26      AC:  3    Str:  8    XL:     3   Next: 66%
Magic:  0/6        EV: 13    Int: 14    God:
Gold:   149        SH:  0    Dex: 15    Spells: 5/6 levels left

rFire    . . .     SeeInvis .   s - -2 dagger (curse)
rCold    . . .     Gourm    .   (no shield)
rNeg     . . .     Faith    .   m - +0 robe
rPois    +         Spirit   .   (no helmet)
rElec    .         Reflect  .   (no cloak)
rCorr    .         Harm     .   (no gloves)
MR       .....                  i - +0 pair of boots (curse)
Stlth    ++........             (no amulet)
Regen    0.1/turn               k - ring of flight
MPRegen  0.1/turn               f - ring of poison resistance

@: very slightly contaminated
A: change form in water, swift swim, stealthy swim
a: Evoke Flight


You were on level 2 of the Dungeon.
You were not hungry.

You visited 1 branch of the dungeon, and saw 2 of its levels.

You collected 149 gold pieces.

Inventory:

Hand Weapons
 a - a +0 dagger of holy wrath
 b - a +0 short sword
 s - a cursed -2 dagger (weapon)
Armour
 i - a cursed +0 pair of boots (worn)
 m - a +0 robe (worn)
Jewellery
 f - a ring of poison resistance (right hand)
 k - a ring of flight (left hand)
Scrolls
 d - 4 scrolls of identify {unknown}
 h - 2 scrolls of remove curse {unknown}
 j - a scroll of teleportation {unknown}
 l - a scroll of amnesia {unknown}
 q - a scroll of noise {unknown}
 r - a scroll of enchant armour {unknown}
Potions
 o - a potion of curing {unknown}
 p - a potion of heal wounds {unknown}
Books
 e - a book of Frost

   Spells                             Type                      Level
   a - Freeze                         Ice                          1
   b - Throw Frost                    Conjuration/Ice              2
   c - Ozocubu's Armour               Charms/Ice                   3
   d - Throw Icicle                   Conjuration/Ice              4
   e - Summon Ice Beast               Ice/Summoning                4
Comestibles
 c - 3 bread rations
 g - 2 fruits


   Skills:
 + Level 1.0 Fighting
 + Level 3.3 Dodging
 + Level 2.5 Stealth
 * Level 2.4 Spellcasting
   Level 0.7 Conjurations
 + Level 3.8 Ice Magic


You had 5 spell levels left.
You knew the following spells:

 Your Spells              Type           Power        Failure   Level  Hunger
a - Freeze                Ice            ##..         4%          1    #......


Dungeon Overview and Level Annotations

Branches:
Dungeon (2/15)

Altars:


Message History

Confirm with . or Enter, or press ? or * to list all spells.
Aiming: Freeze
Press: ? - help, Shift-Dir - straight line, f/p - worm
Aim: a worm (moderately wounded)
You freeze the worm.
The worm is heavily wounded.
You hit the worm but do no damage.
The worm is heavily wounded.
The worm bites you.
Casting: Freeze
Confirm with . or Enter, or press ? or * to list all spells.
Aiming: Freeze
Press: ? - help, Shift-Dir - straight line, f/p - worm
Aim: a worm (moderately wounded)
You freeze the worm.
The worm is heavily wounded.
You hit the worm.
The worm is severely wounded.
The worm bites you!
You die...

#.#.######....>.#.#...#.##
#.#.# #.......)...#...# #.#.#
########.#..###.# #.#.########
#....# #.# ...........# ###..#
#.# ....######.# #..# #.######
.#..##### #..# #......#
........##.# ####..# ######.#
###.###.##.# #.. ..# #.# # #.#
#.##.# #.# #.# #.# # #.# #.##.#
#@# #.# #.# ###.###.##.# #w#
#.# #.# ........##.# #.# #.#
#.#
###......#.#####.###.########)#
# ######......................#
# ###.#####>############## #
#.# #.# # ... #.# # ....# #.# #
....####.# .........#


You could see a worm.

Vanquished Creatures
  2 dart slugs (D:1)
  A leopard gecko (D:2)
  7 bats
  4 giant cockroaches
  5 goblins
  6 hobgoblins
  3 jackals (D:2)
  A quokka (D:2)
  2 frilled lizards
  3 kobolds
  3 rats (D:1)
37 creatures vanquished.

Notes
Turn   | Place    | Note
-------+----------+-------------------------------------------
     0 | D:1      | bli the Merfolk Ice Elementalist began the quest for the Orb.
     0 | D:1      | Reached XP level 1. HP: 13/13 MP: 3/3
   339 | D:1      | Reached XP level 2. HP: 20/20 MP: 5/5
   675 | D:1      | Reached skill level 1 in Fighting
   706 | D:1      | Reached XP level 3. HP: 16/26 MP: 3/6
  1308 | D:2      | Slain by a worm

Skill      XL: |  1  2 |
---------------+-------+-----
Dodging        | 3 |  3.3
Fighting       | 1 |  1.0
Stealth        | |  2.5
Spellcasting   | |  2.4
Conjurations   | |  0.7
Ice Magic      | |  3.8

Action                   || total
-------------------------++-------
Melee: Short sword       ||    30
       Unarmed           ||     3
       Dagger            ||    60
 Cast: Freeze            ||    42
 Stab: Sleeping          ||     3
  Eat: Chunk             ||     2
Armor: Robe              ||    38
Dodge: Dodged            ||   106
